 Dungeon Crawl Stone Soup version 0.27-a0-1149-g4505690ab0 (webtiles) character file.

Game seed: 2662799543142247789

16 Lekart the Skirmisher (level 2, -4/27 HPs)
             Began as a Draconian Chaos Knight on May 13, 2021.
             Was a Plaything of Xom.
             Slain by Terence
             ... wielding a +0 morningstar
              (9 damage)
             ... on level 2 of the Dungeon.
             The game lasted 00:00:57 (784 turns).

Lekart the Skirmisher (Draconian Chaos Knight)       Turns: 784, Time: 00:00:58

Health: -4/27      AC:  4    Str: 14    XL:     2   Next: 41%
Magic:  2/2        EV: 12    Int: 12    God:    Xom [..*...]
Gold:   25         SH:  0    Dex: 10    Spells: 1/1 levels left

rFire    . . .     SeeInvis .   a - +0 falchion (chaos)
rCold    . . .     Faith    .   (no shield)
rNeg     . . .     Spirit   .   (armour unavailable)
rPois    .         Reflect  .   (helmet restricted)
rElec    .         Harm     .   (no cloak)
rCorr    .         Rampage  .   (no gloves)
Will     .....                  (no boots)
Stlth    +.........             (no amulet)
HPRegen  0.09/turn              (no ring)
MPRegen  0.08/turn              (no ring)

@: no status effects
A: AC +4, unfitting armour, cold-blooded
a: Renounce Religion


You were on level 2 of the Dungeon.
You worshipped Xom.
You were a toy of Xom.
You visited 1 branch of the dungeon, and saw 2 of its levels.

You collected 25 gold pieces.

Inventory:

Hand Weapons
 a - a +0 falchion of chaos (weapon)
Missiles
 k - 32 stones (quivered)
Scrolls
 c - a scroll of magic mapping {unknown}
 d - a scroll of acquirement {unknown}
 f - a scroll of torment {unknown}
 h - a scroll of identify {unknown}
 i - a scroll of teleportation {unknown}
 j - 3 scrolls of vulnerability {unknown}
 l - a scroll of summoning {unknown}
Potions
 b - a potion of haste {unknown}
 e - a potion of degeneration {unknown}
 g - a potion of resistance {unknown}


   Skills:
 * Level 3.8 Fighting
 + Level 3.3 Long Blades
 + Level 2.2 Dodging


You had one spell level left.
You didn't know any spells.
Your spell library was empty.

Dungeon Overview and Level Annotations

Branches:
Dungeon (2/15)

Altars:

Annotations:
D:2 Terence


Innate Abilities, Weirdness & Mutations

Your plain brown scales are hard. (AC +4)
You cannot fit into any form of body armour.
You are cold-blooded and may be slowed by cold attacks.


Message History

You throw a stone.
The stone hits Terence but does no damage.
Throw: 34 stones
Press: ? - help, Q - select action Shift-Dir - straight line, f/p - Terence
Aim: Terence, wielding a +0 morningstar and wearing a +0 chain mail (64% to hit)
You throw a stone.
The stone hits Terence but does no damage.
Throw: 33 stones
Press: ? - help, Q - select action Shift-Dir - straight line, f/p - Terence
Aim: Terence, wielding a +0 morningstar and wearing a +0 chain mail (64% to hit)
You throw a stone. The stone closely misses Terence.
The stone barely misses the kobold.
Terence barely misses you.
You hit Terence but do no damage.
Terence says, "Rest in peace."
Terence barely misses you.
You barely miss Terence. Terence completely misses you.
You riposte.
You hit Terence but do no damage. You hit Terence.
Terence suddenly seems more agile.
Terence is lightly wounded.
Terence hits you with a +0 morningstar!
A shower of butterflies erupts from you!
You hit Terence.
Terence resists with some effort.
Terence is moderately wounded.
Terence barely misses you.
You hit Terence but do no damage.
Xom thinks this is hilarious!
Nothing appears to happen.
Your tail-slap misses Terence.
Terence is moderately wounded.
Terence hits you with a +0 morningstar!
Ouch! That really hurt!
* * * LOW HITPOINT WARNING * * *
A shower of butterflies erupts from you!
You are too injured to fight recklessly!
You are too injured to fight recklessly!
You barely miss Terence.
Terence is moderately wounded.
Terence barely misses you. Terence hits you with a +0 morningstar!
You die...
Xom laughs nastily!

# #.#.# #.
#.#.#
#..##.#.#
#.......# #
#.###.###..#
#b#.b......#
#.#.#.###.##
#bbbb.....#
###@#.######.#
#@#........#
#K##########
#.# #(# ...
#(# #(.


You could see Terence (agile, ally target) and a kobold.

Vanquished Creatures
  4 endoplasms (D:1)
  2 giant cockroaches
  3 hobgoblins (D:1)
  2 ball pythons (D:1)
  A frilled lizard (D:1)
  3 rats (D:1)
15 creatures vanquished.

Vanquished Creatures (others)
  2 plants (D:1)
  3 withered plants (D:1)
5 creatures vanquished.

Grand Total: 20 creatures vanquished

Notes
Turn   | Place    | Note
-------+----------+-------------------------------------------
     0 | D:1      | Lekart the Draconian Chaos Knight began the quest for the
                  | Orb.
     0 | D:1      | Reached XP level 1. HP: 19/19 MP: 1/1
   212 | D:1      | Found a faded altar of an unknown god.
   240 | D:1      | Reached XP level 2. HP: 26/27 MP: 2/2
   773 | D:2      | Noticed Terence
   781 | D:2      | XOM: butterfly on damage
   783 | D:2      | XOM: butterfly on damage
   784 | D:2      | Slain by Terence

Illustrated notes

Levels and vault maps discovered:
D:1:      ebering_trefoil_twist, layout_rooms,
          shapermc_ecumenical_altar_flowoftime, corexii_hall_statues_i
D:2:      layout_basic, basic_altar, uniq_jessica, uniq_terence, uniq_sigmund

Action                   || total
-------------------------++-------
Melee: Falchion          ||    51
       Tailslap          ||    13
Throw: Stone             ||    12
Armor: Skin              ||     9
Dodge: Dodged            ||    25
       Rpst.: Falchion   ||     8

Table legend: (Time is in decaauts)
 A = Elapsed time spent in this place.
 B = Non-inter-level travel time spent in this place.
 C = Inter-level travel time spent in this place.
 D = Time resting spent in this place.
 E = Time spent auto-exploring this place.
 F = Levels seen in this place.
 G = Mean time per level.
                   A        B        C        D        E       F      G
               +--------+--------+--------+--------+--------+-----+--------+
         Total |    794 |    752 |     42 |      0 |    611 |   2 |  397.0 |
       Dungeon |    794 |    752 |     42 |      0 |    611 |   2 |  397.0 |
               +--------+--------+--------+--------+--------+-----+--------+

Top non-repeatable levels by time:
     D:1: 711 daAuts
     D:2: 82 daAuts
